Unix xNetHack Version 8.0.0 - last build Jun 13 2023 11:06:09 (4b7ecc64c373f7294607d497be3f7ce1783331ac). Game began 2023-06-24 17:24:53, ended 2023-06-24 17:38:34. Moult, neutral male gnomish Healer --- .- . . 0. .- ---- .| |..| -.| -..| |.| ...| --<| -.| |@.| |.--|..---- |~..|(....| ---..hd...| |.....--- |.....| --...-- ----- Moult the Rhizotomist St:9 Dx:12 Co:14 In:13 Wi:14 Ch:13 Neutral S:313 Dlvl:6 $:1939 HP:0(17) Pw:7(7) AC:8 Xp:1/0 T:1311 Latest messages: The yellow mold is killed! You descend the stairs. The dwarf wields a silver pick-axe. The large dog bites the dwarf. The dwarf swings his silver pick-axe at the large dog. The dwarf misses the large dog. The large dog bites the dwarf. The dwarf is killed! The large dog bites the fox. The fox is killed! You have a little trouble lifting a silver pick-axe. Continue? n What do you want to write with? [- ahnpuzADE or ?*] - You write in the dust with your fingertip. Something is written here in the dust. You read: "Elbereth". There is a dwarf corpse here; eat it? y This dwarf corpse tastes tough. You hear crashing rock. You hear crashing rock. You finish eating the dwarf corpse. Something is written here in the dust. You read: "Elbe cth". F - a pair of hard shoes {50}. G - a hooded cloak {10}. What do you want to drop? [$abdeghl-np-uw-zA-G or ?*] F You drop a pair of hard shoes {50}. You already found a monster. Use 'm' prefix to force another search. You see here a pair of hard shoes. The hobbit hurls a pink potion! The flagon crashes on your head and breaks into shards. Boom! You are caught in the burning oil! Your cloak smoulders! One of your scrolls labeled ZLORFIK catches fire and burns! What do you want to write with? [- ahnpuzADE or ?*] - You write in the dust with your fingertip. The hobbit picks up a pair of hard shoes. The hobbit turns to flee. The large dog bites the gnome. The gnome is killed! Something is written here in the dust. You read: "[lbe ??h". You see here a silver pick-axe. The hobbit picks up a potion of healing. What do you want to write with? [- ahnpuzADE or ?*] - You write in the dust with your fingertip. The hobbit throws a runed dagger! You are hit by a runed dagger. You die... Do you want your possessions identified? q Inventory: Inventory: 533/625 weight (25/52 slots) Coins $ - 1939 gold pieces {19} Weapons A - a blessed +1 orcish dagger {10} n - a cursed -1 orcish dagger {10} a - a +0 scalpel (weapon in hand) {5} u - a cursed +0 dwarvish mattock {120} Armor B - a cursed -1 pair of plastic gauntlets of fumbling {13} b - an uncursed +1 pair of leather gloves (being worn) {8} G - a cursed +0 dwarvish cloak {10} m - an uncursed burnt +0 orcish cloak (being worn) {8} Comestibles l - 5 uncursed apples {10} Scrolls t - an uncursed scroll of blank paper {5} x - a cursed scroll of enchant armor {5} r - 2 uncursed scrolls of identify {10} y - an uncursed scroll of light {5} Potions g - 3 uncursed potions of extra healing {60} w - an uncursed potion of gain energy {20} e - a blessed potion of healing {20} d - 3 uncursed potions of healing {60} q - an uncursed potion of water {20} Wands h - a wand of sleep (0:4) {7} Tools s - an uncursed stethoscope {4} C - a tinning kit (0:86) {100} Gems/Stones p - an uncursed garnet stone {1} E - an uncursed worthless piece of green glass {1} D - an uncursed worthless piece of orange glass {1} z - an uncursed worthless piece of yellowish brown glass {1} Moult the Healer's attributes: Background: You were a Rhizotomist, a level 1 male gnomish Healer. You were neutral, nominally on a mission for Hermes who was opposed by Athena (lawful) and Poseidon (chaotic). You were heterosexual. You were in the Gnomish Mines, on level 6. You entered the dungeon 1311 turns ago. You had 0 experience points, 20 were needed to attain level 2. Your score was 313 before end-of-game adjustments. Basics: You had 0 out of 17 hit points. You had all 7 energy points (spell power). Your armor class was 8. Your wallet contained 1939 zorkmids. Autopickup was on for '_' plus thrown, with exceptions. Final Characteristics: Your strength was 9 (limit:18/50). Your dexterity was 12 (limit:18). Your constitution was 14 (limit:18). Your intelligence was 13 (limit:19). Your wisdom was 14 (limit:18). Your charisma was 13 (limit:18). Final Status: You were not hungry. You were unencumbered. You were wielding a knife. You had basic skill with knife. Final Attributes: You were fervently aligned. You were poison resistant. You had infravision. You were warded. You are dead. Miscellaneous: You never encountered a bones level. Total elapsed playing time was 13 minutes and 41 seconds. Major events: Turn 1: Moult the neutral male gnomish Healer entered the dungeon 971: entered the Gnomish Mines 1311: killed by an elven dagger Vanquished creatures: a shrieker a dwarf an orc zombie 2 coyotes a hobbit a hobgoblin a giant rat a brown mold a yellow mold 3 gnomes 3 geckos 4 jackals 2 foxes a goblin a grid bug a bat 2 lichens 2 kobold zombies 7 newts 36 creatures vanquished. No species were genocided or became extinct. Voluntary challenges: You were an atheist. You never hit with a wielded weapon. You were a pacifist. You read items or engraved 21 times. You never genocided any monsters. You never polymorphed an object. You never changed form. You never touched an artifact. You used no wishes. You were celibate. You never generated conflict. Achievement: You entered the Gnomish Mines. Dungeon overview: The Dungeons of Doom: levels 1 to 4 Level 1: Level 2: "books next to downstair" A fountain. Level 3: A tree. Stairs down to The Gnomish Mines. Level 4: The Gnomish Mines: levels 4 to 6 Level 4: Level 5: Level 6: <- You were here. Final resting place for you, killed by an elven dagger. Game over: __________ / \ / REST \ / IN \ / PEACE \ / \ | Moult | | 1939 Au | | killed by an | | elven dagger | | | | | | 2023 | *| * * * | * _________)/\\_//(\/(/\)/\//\/|_)_______ Goodbye Moult the Healer... You died in The Gnomish Mines on dungeon level 6 with 307 points, and 1939 pieces of gold, after 1311 moves. You were level 1 with a maximum of 17 hit points when you died.